 Dungeon Crawl Stone Soup version 0.29.1-2-gbd0b4ee654 (webtiles) character file.

Game seed: 8279423581158026026

2759 raph the Arsonist (level 9, -8/45 HPs)
             Began as a Deep Elf Fire Elementalist on Nov 1, 2022.
             Was a Follower of Sif Muna.
             Mangled by a yak (14 damage)
             ... on level 6 of the Dungeon.
             The game lasted 00:12:37 (9632 turns).

raph the Arsonist (Deep Elf Fire Elementalist)      Turns: 9632, Time: 00:12:38

Health: -8/45      AC:  4    Str:  5    XL:     9   Next: 41%
Magic:  22/22      EV: 13    Int: 25    God:    Sif Muna [*.....]
Gold:   139        SH:  0    Dex: 20    Spells: 8/23 levels left

rFire   . . .      SeeInvis .   z - +4 dagger of Ixagois {vorpal, Dex+5}
rCold   . . .      Faith    .   (no shield)
rNeg    . . .      Spirit   .   a - +0 robe
rPois   .          Reflect  .   l - +0 helmet
rElec   .          Harm     .   B - +0 cloak
rCorr   +          Rampage  .   (no gloves)
Will    .....                   (no boots)
Stlth   ++........              (no amulet)
HPRegen 0.15/turn               m - ring of resist corrosion
MPRegen 0.18/turn               v - ring of wizardry

@: no status effects
A: no striking features
a: Renounce Religion, Channel Magic


You were on level 6 of the Dungeon.
You worshipped Sif Muna.
Sif Muna was aware of your devotion.
You visited 1 branch of the dungeon, and saw 7 of its levels.

You collected 300 gold pieces.
You spent 161 gold pieces at shops.

Inventory:

Hand Weapons
 c - a +0 dagger
 i - a +3 dagger of venom
 j - a +1 dagger of speed
 k - a +0 rapier
 z - the +4 dagger of Ixagois (weapon) {vorpal, Dex+5}
   (You found it on level 6 of the Dungeon)

   It inflicts extra damage upon your enemies.
   Dex:       It affects your dexterity (+5).
Missiles
 o - 2 javelins
 q - 2 poisoned darts
Armour
 a - a +0 robe (worn)
 l - a +0 helmet (worn)
 B - a +0 cloak (worn)
Jewellery
 m - a ring of resist corrosion (left hand)
 v - a ring of wizardry (right hand)
 A - a ring of fire
Wands
 f - a wand of light (4)
 C - a wand of polymorph (4)
Scrolls
 r - a scroll of teleportation
 t - 2 scrolls of fear
 u - a scroll of blinking
 x - a scroll of magic mapping
 y - a scroll of enchant weapon
 D - a scroll of identify
 E - a scroll of enchant armour {unknown}
Potions
 b - a potion of magic
 d - 2 potions of cancellation {unknown}
 e - 3 potions of curing
 g - 3 potions of degeneration {unknown}
 h - 3 potions of attraction {unknown}
 n - 4 potions of haste {unknown}
 p - a potion of brilliance {unknown}
 s - 3 potions of heal wounds {unknown}
 w - a potion of invisibility {unknown}


   Skills:
 - Level 2.4 Dodging
 - Level 2.4 Stealth
 + Level 7.6 Spellcasting
 * Level 8.5 Conjurations
 + Level 9.1 Fire Magic
 + Level 4.7 Invocations


You had 8 spell levels left.
You knew the following spells:

 Your Spells              Type           Power      Damage    Failure   Level
a - Foxfire               Conj/Fire      100%       2x1d9     1%          1
b - Scorch                Fire           100%       2d10      1%          2
c - Conjure Flame         Conj/Fire      52%        6-21      1%          3
d - Inner Flame           Hex/Fire       32%        N/A       1%          3
e - Flame Wave            Conj/Fire      52%        2d13      1%          4
f - Blink                 Tloc           18%        N/A       4%          2

Your spell library contained the following spells:

 Spells                   Type           Power      Damage    Failure   Level
 Slow                     Hex            36%        N/A       2%          1
 Confusing Touch          Hex            9%         N/A       8%          3
 Summon Guardian Golem    Hex/Summ       9%         N/A       8%          3
 Vampiric Draining        Necr           9%         2d6       8%          3
 Orb of Destruction       Conj           25%        9d9       52%         7
 Manifold Assault         Tloc           9%         N/A       54%         5
 Spellforged Servitor     Conj/Summ      15%        N/A       97%         7
 Storm Form               Tmut/Air       4%         N/A       100%        7


Dungeon Overview and Level Annotations

Branches:
Dungeon (7/15)             Temple (0/1) D:6

Altars:
Dithmenos
Fedhas
Kikubaaqudgha
Makhleb
Qazlal
Sif Muna
Zin

Shops:
D:5 *(


Message History

The splash of acid hits you! You resist.
You climb upwards.
There is a stone staircase leading down here.
You start resting.
Magic restored.
You start resting.
The sentinel's mark upon you fades away.
You start resting.
HP restored.
There is a staircase to the Ecumenical Temple here.
Press: ? - help, v - describe, . - travel A staircase to the Ecumenical Temple.
There is a fountain of clear blue water here.
Things that are here:
a +0 club; a +0 robe; a +0 club You see here a +0 halberd.
There is an open door here.
There is a stone staircase leading down here.
You climb downwards.
The yak gores you!
Found 6 stones and 11 gold pieces.
Found a stone staircase leading down.
There is a stone staircase leading up, spattered with blood here.
The yak misses you. The yak closely misses you.
You climb upwards.
There is a stone staircase leading down here.
The yak attacks as you move away! The yak gores you but does no damage.
The yak misses you.
There is an open door here.
Casting: Scorch (safe; 1% risk of failure)
Confirm with . or Enter, or press ? or * to list all spells.
You blink.
The yak attacks as you move away! The yak gores you!
The yak attacks as you move away! The yak closely misses you.
You feel stable enough to blink again. The yak attacks as you move away!
The yak barely misses you. The yak attacks as you move away!
The yak barely misses you. The yak attacks as you move away! The yak gores you.
The yak attacks as you move away! The yak gores you!
* * * LOW HITPOINT WARNING * * *
The yak attacks as you move away! The yak gores you!
You die...

##### #### ##...#######..##
#.....#........#
#.....#........#
##########'###...##..####
##..##..##...##.Y.##..#..#
#....#.......##Y..##.....#
#....#.......##@..##.....#
#...##.)##...##..........#
#...##..##...##>.........##
#........'....'...##......#
#........#....#...##...####
##..#..###..#####'##.)..#
##############...##....#
#............).)..#
#...........##)..#########


You could see 2 yaks.

Vanquished Creatures
  Pikel (D:6)
  Grinder (D:5)
  Sigmund (D:2)
  A black bear (D:7)
  An ice beast (D:7)
  2 sky beasts
  A centaur (D:7)
  An ogre (D:6)
  A bullfrog (D:6)
  3 necrophages (D:5)
  3 scorpions
  2 gnoll sergeants (D:6)
  2 bullfrog zombies (D:4)
  4 centaur zombies
  4 hounds
  A centaur skeleton (D:4)
  An orc priest (D:5)
  A jelly (D:6)
  A gnoll bouda (D:6)
  An iguana (D:4)
  3 orc wizards
  A hound zombie (D:4)
  14 gnolls (D:6)
  9 adders
  2 shadow imps (D:5)
  A white imp (D:5)
  An adder skeleton (D:4)
  4 adder zombies
  2 worms
  4 dart slugs
  11 orcs
  7 endoplasms
  3 giant cockroaches
  9 goblins
  6 hobgoblins
  2 jackals (D:1)
  A quokka (D:2)
  6 ball pythons
  9 bats
  3 frilled lizards
  10 kobolds
  A quokka zombie (D:4)
  5 rats
  A bush (D:5)
148 creatures vanquished.

Vanquished Creatures (collateral kills)
  A foxfire (D:4)
1 creature vanquished.

Vanquished Creatures (others)
  A bush (D:5)
  456 foxfires
  13 plants (D:5)
470 creatures vanquished.

Grand Total: 619 creatures vanquished

Notes
Turn   | Place    | Note
-------+----------+-------------------------------------------
     0 | D:1      | raph the Deep Elf Fire Elementalist began the quest for the
                  | Orb.
     0 | D:1      | Reached XP level 1. HP: 10/10 MP: 6/6
   280 | D:1      | Reached skill level 4 in Fire Magic
   280 | D:1      | Reached XP level 2. HP: 15/15 MP: 1/8
   414 | D:1      | Noticed a shining eye
   430 | D:1      | Found a faded altar of an unknown god.
   431 | D:1      | Noticed a golden eye
   433 | D:1      | Noticed a great orb of eyes
   433 | D:1      | Noticed a golden eye
  1124 | D:2      | Noticed Sigmund
  1133 | D:2      | Killed Sigmund
  1134 | D:2      | Reached skill level 6 in Fire Magic
  1134 | D:2      | Reached XP level 3. HP: 19/19 MP: 0/9
  1134 | D:2      | Reached XP level 4. HP: 24/24 MP: 0/10
  1134 | D:2      | Reached XP level 5. HP: 28/28 MP: 0/11
  1325 | D:2      | Learned a level 2 spell: Scorch
  1329 | D:2      | Learned a level 3 spell: Conjure Flame
  1360 | D:2      | Learned a level 3 spell: Inner Flame
  2438 | D:3      | Reached skill level 7 in Fire Magic
  2438 | D:3      | Reached XP level 6. HP: 19/32 MP: 3/13
  4066 | D:4      | Noticed a sky beast
  4207 | D:4      | Killed a sky beast
  4339 | D:4      | Reached XP level 7. HP: 35/36 MP: 1/15
  4699 | D:4      | Found a glowing silver altar of Zin.
  4699 | D:4      | Found a shimmering blue altar of Sif Muna.
  4704 | D:4      | Found a burning altar of Makhleb.
  4706 | D:4      | Found a shadowy altar of Dithmenos.
  4711 | D:4      | Found an ancient bone altar of Kikubaaqudgha.
  4715 | D:4      | Found a stormy altar of Qazlal.
  4730 | D:4      | Became a worshipper of Sif Muna the Loreminder
  4762 | D:4      | Learned a level 4 spell: Flame Wave
  5640 | D:5      | Entered Level 5 of the Dungeon
  5730 | D:5      | Found Ada Xiwoix's General Store.
  5753 | D:5      | Bought a scroll of blinking for 105 gold pieces
  5753 | D:5      | Bought a scroll of fear for 56 gold pieces
  6155 | D:5      | Found Bekoleot's Weapon Shop.
  6160 | D:5      | Noticed Grinder
  6168 | D:5      | Killed Grinder
  6169 | D:5      | Reached skill level 5 in Spellcasting
  6169 | D:5      | Reached skill level 5 in Conjurations
  6169 | D:5      | Reached skill level 1 in Invocations
  6327 | D:5      | Reached * piety under Sif Muna
  6427 | D:5      | Learned a level 2 spell: Blink
  6456 | D:5      | Found a blossoming altar of Fedhas.
  6908 | D:5      | Reached XP level 8. HP: 41/41 MP: 6/18
  7118 | D:5      | Reached skill level 8 in Fire Magic
  8439 | D:6      | Identified the +4 dagger of Ixagois {vorpal, Dex+5}
  8647 | D:6      | Found a staircase to the Ecumenical Temple.
  8797 | D:6      | Noticed Pikel
  8816 | D:6      | Killed Pikel
  8817 | D:6      | Reached XP level 9. HP: 45/45 MP: 5/21
  8918 | D:6      | Reached skill level 9 in Fire Magic
  9632 | D:6      | Mangled by a yak

Illustrated notes

Levels and vault maps discovered:
D:1:      lightli_arrival_chessboard, layout_rooms,
          hellmonk_ecumenical_altar_watching_god, corexii_leaking_fountain,
          minmay_misc_feat_chi
D:2:      layout_basic, uniq_sigmund
D:3:      layout_basic, kennysheep_flooded_box
D:4:      minmay_inner_zag, layout_rooms, nicolae_overflow_hallway_of_the_gods,
          serial_undead, serial_undead_d, serial_undead_c, serial_undead_a,
          serial_undead_d, minmay_misc_feat_pillars
D:5:      layout_basic, fedhas_altar_decomposition, serial_shops,
          nicolae_shop_statue_plus, nicolae_square_shop, uniq_grinder
D:6:      layout_gridville, minmay_temple_entry_drinking_statues, uniq_pikel
D:7:      minmay_the_grid_triangle_9x9_recursive_2
          [minmay_the_grid_triangle_9x9_prize_center,
          minmay_the_grid_triangle_9x9_pentomino_pain,
          minmay_the_grid_triangle_9x9_zippers_vertical,
          minmay_the_grid_triangle_9x9_semitri], layout_rooms,
          pf_just_have_faith, ashenzari_conservatory_becter, uniq_joseph

Skill      XL: |  1  2  3  4  5  6  7  8  9 |
---------------+----------------------------+-----
Fire Magic     | 4 6 7 8 9 |  9.1
Conjurations   | 2 3 5 8 |  8.5
Spellcasting   | 4 5 7 |  7.6
Invocations    | 1 4 |  4.7
Dodging        | |  2.4
Stealth        | |  2.4

Action                   |  1- 3 |  4- 6 |  7- 9 || total
-------------------------+-------+-------+-------++-------
Melee: Dagger            |     6 |     3 |    17 ||    26
 Cast: Foxfire           |    56 |    85 |   126 ||   267
       Scorch            |       |    19 |    49 ||    68
       Conjure Flame     |       |     1 |    12 ||    13
       Flame Wave        |       |       |    12 ||    12
       Inner Flame       |       |       |     4 ||     4
       Blink             |       |       |     3 ||     3
Invok: Channel Magic     |       |       |     1 ||     1
  Use: Scroll            |     1 |     6 |     1 ||     8
Armor: Robe              |     1 |     3 |    10 ||    14
Dodge: Dodged            |    12 |     5 |    30 ||    47
